APP
JOHNSON CITY CARDINALS @ DANVILLE BRAVES
09/12/2044
 
TOP OF THE 1ST
Johnson City Cardinals batting - Pitching for Danville Braves : RHP Jeremy Kasten
Pitching: RHP Jeremy Kasten
Batting: RHB Fortunato Fteira 0-0: Swinging Strike
0-1: Foul Ball, location: 2F
0-2: Strikes out swinging
Batting: RHB Tim Cleary 0-0: Foul Ball, location: 2F
0-1: Ball
1-1: Fly out, F4 (Flyball, 34D, EV 77.5 MPH)
Batting: RHB Pat Scaturro 0-0: Called Strike
0-1: Fly out, F9 (Flyball, 9LM, EV 91.2 MPH)
Top of the 1st over - 0 runs, 0 hits, 0 errors, 0 left on base; Johnson City 0 - Danville 0
BOTTOM OF THE 1ST
Danville Braves batting - Pitching for Johnson City Cardinals : LHP Danny Rivera
Pitching: LHP Danny Rivera
Batting: LHB Erik Gretzky 0-0: Ball
1-0: Called Strike
1-1: Foul Ball, location: 2F
1-2: Ball
2-2: SINGLE (Groundball, 56D, EV 105.0 MPH)
Batting: LHB Oke Monti 0-0: Called Strike
Erik Gretzky is caught stealing 2nd base 2-6
0-1: Foul Ball, location: 2F
0-2: Foul Ball, location: 2F
0-2: Strikes out swinging
Batting: RHB Hisayuki Akiyama 0-0: Swinging Strike
0-1: Foul Ball, location: 2F
0-2: Foul Ball, location: 2F
0-2: Foul Ball, location: 2F
0-2: TRIPLE (Line Drive, 9LD, EV 102.5 MPH)
Batting: LHB Alexis Cantu 0-0: Called Strike
0-1: Foul Ball, location: 2F
0-2: Ball
1-2: Strikes out swinging
Bottom of the 1st over - 0 runs, 2 hits, 0 errors, 1 left on base; Johnson City 0 - Danville 0
TOP OF THE 2ND
Johnson City Cardinals batting - Pitching for Danville Braves : RHP Jeremy Kasten
Batting: RHB Josh Broome 0-0: Called Strike
0-1: SINGLE (Groundball, 56, EV 98.1 MPH) (infield hit)
Batting: RHB Francisco de la Cruz 0-0: Called Strike
0-1: Foul Ball, location: 2F
0-2: Foul Ball, location: 2F
0-2: Ball
1-2: Ball
2-2: Ball
3-2: Base on Balls
Josh Broome to second
Batting: RHB Vic Nelson 0-0: Called Strike
0-1: Ball
1-1: Ball
2-1: Ball
3-1: Base on Balls
Josh Broome to third
Francisco de la Cruz to second
Batting: RHB Austin Akers 0-0: Ball
1-0: SINGLE (Flyball, 78S, EV 89.4 MPH)
Josh Broome scores
Francisco de la Cruz to third
Vic Nelson to second
Batting: RHB Ray Souza 0-0: Grounds into double play, 6-4-3 (Groundball, 56, EV 89.4 MPH)
Francisco de la Cruz scores
Vic Nelson to third
Batting: RHB Kyle Burns 0-0: Called Strike
0-1: Foul Ball, location: 2F
0-2: Ball
1-2: Ground out 4-3 (Groundball, 4, EV 88.8 MPH)
Top of the 2nd over - 2 runs, 2 hits, 0 errors, 1 left on base; Johnson City 2 - Danville 0
BOTTOM OF THE 2ND
Danville Braves batting - Pitching for Johnson City Cardinals : LHP Danny Rivera
Batting: RHB Badr al Din Ridha 0-0: Ball
1-0: Ball
2-0: Ball
3-0: Base on Balls
Batting: RHB Armando Moz 0-0: Ball
1-0: Ball
2-0: Ball
3-0: Called Strike
3-1: Foul Ball, location: 2F
3-2: 2-RUN HOME RUN (Flyball, 7LD, EV 93.1 MPH), Distance : 327 ft
Batting: SHB Jordan Barragan 0-0: Ball
1-0: Ground out 5-3 (Groundball, 5, EV 86.9 MPH)
Batting: SHB Ian Arlotta 0-0: Ball
1-0: Ball
2-0: Ball
3-0: Called Strike
3-1: Foul Ball, location: 2F
3-2: Base on Balls
Batting: RHB Adonis Jenifer 0-0: Ball
Ian Arlotta steals 2nd base
1-0: Foul Ball, location: 2F
1-1: Swinging Strike
1-2: Strikes out swinging
Batting: LHB Erik Gretzky 0-0: Ball
1-0: Swinging Strike
1-1: Swinging Strike
1-2: Foul Ball, location: 2F
1-2: Ball
2-2: Ball
3-2: DOUBLE (Line Drive, 9LM, EV 106.9 MPH)
Ian Arlotta scores
Batting: LHB Oke Monti 0-0: Ball
1-0: Ball
2-0: Called Strike
2-1: Ball
3-1: Foul Ball, location: 2F
3-2: Base on Balls
Batting: RHB Hisayuki Akiyama 0-0: Called Strike
0-1: SINGLE (Groundball, 56D, EV 102.5 MPH)
Erik Gretzky to third
Oke Monti to second
Runner from 3rd tries for Home, SAFE, throw by LF to home
Batting: LHB Alexis Cantu 0-0: Called Strike
0-1: Ground out U3 (Groundball, 3S, EV 90.0 MPH)
Bottom of the 2nd over - 4 runs, 3 hits, 0 errors, 2 left on base; Johnson City 2 - Danville 4
TOP OF THE 3RD
Johnson City Cardinals batting - Pitching for Danville Braves : RHP Jeremy Kasten
Batting: RHB Fortunato Fteira 0-0: Ball
1-0: Foul Ball, location: 2F
1-1: Foul Ball, location: 2F
1-2: Strikes out swinging
Batting: RHB Tim Cleary 0-0: Called Strike
0-1: Swinging Strike
0-2: Strikes out swinging
Batting: RHB Pat Scaturro 0-0: Foul Ball, location: 2F
0-1: Swinging Strike
0-2: Ball
1-2: Foul Ball, location: 2F
1-2: Foul Ball, location: 2F
1-2: Strikes out swinging
Top of the 3rd over - 0 runs, 0 hits, 0 errors, 0 left on base; Johnson City 2 - Danville 4
BOTTOM OF THE 3RD
Danville Braves batting - Pitching for Johnson City Cardinals : LHP Danny Rivera
Batting: RHB Badr al Din Ridha 0-0: Called Strike
0-1: Ball
1-1: Ball
2-1: Called Strike
2-2: Reached on error, E6 (Groundball, 6, EV 101.9 MPH)
Batting: RHB Armando Moz 0-0: Ball
1-0: Called Strike
1-1: Grounds into double play, 6-4-3 (Groundball, 6, EV 91.2 MPH)
Batting: SHB Jordan Barragan 0-0: Called Strike
0-1: Foul Ball, location: 2F
0-2: Ball
1-2: Foul Ball, location: 2F
1-2: Ball
2-2: Foul Ball, location: 2F
2-2: Fly out, F5 (Popup, 56S, EV 73.8 MPH)
Bottom of the 3rd over - 0 runs, 0 hits, 1 error, 0 left on base; Johnson City 2 - Danville 4
TOP OF THE 4TH
Johnson City Cardinals batting - Pitching for Danville Braves : RHP Jeremy Kasten
Batting: RHB Josh Broome 0-0: Called Strike
0-1: Ball
1-1: Swinging Strike
1-2: Ball
2-2: Strikes out swinging
Batting: RHB Francisco de la Cruz 0-0: Ball
1-0: Foul Ball, location: 2F
1-1: Foul Ball, location: 2F
1-2: Ball
2-2: SINGLE (Groundball, 6MD, EV 107.5 MPH)
Batting: RHB Vic Nelson 0-0: Ball
1-0: Ball
2-0: Ball
3-0: Called Strike
3-1: Fielders Choice at 2nd, 4-6 (Groundball, 4, EV 83.8 MPH)
Batting: RHB Austin Akers 0-0: DOUBLE (Line Drive, 78M, EV 97.5 MPH)
Vic Nelson to third
Runner from 3rd tries for Home, throw by CF and OUT! 8-6-2
Top of the 4th over - 0 runs, 2 hits, 0 errors, 1 left on base; Johnson City 2 - Danville 4
BOTTOM OF THE 4TH
Danville Braves batting - Pitching for Johnson City Cardinals : LHP Danny Rivera
Batting: SHB Ian Arlotta 0-0: Ball
1-0: Foul Ball, location: 2F
1-1: Ball
2-1: Called Strike
2-2: Foul Ball, location: 2F
2-2: SINGLE (Groundball, 6MD, EV 106.9 MPH)
Pitching: RHP Joe Cornell
Batting: RHB Adonis Jenifer 0-0: Called Strike
0-1: Called Strike
0-2: Strikes out looking
Batting: LHB Erik Gretzky 0-0: Ball
Ian Arlotta steals 2nd base (no throw)
1-0: Foul Ball, location: 2F
1-1: Ball
2-1: Fly out, F8 (Flyball, 89D, EV 88.1 MPH)
Runner from 2nd tags up, SAFE at 3rd, no throw by CF
Batting: LHB Oke Monti 0-0: SINGLE (Popup, 3D, EV 51.2 MPH)
Ian Arlotta scores
Batting: RHB Hisayuki Akiyama 0-0: Called Strike
0-1: Swinging Strike
0-2: Ball
1-2: Fly out, F7 (Flyball, 7LD, EV 92.5 MPH)
Bottom of the 4th over - 1 run, 2 hits, 0 errors, 1 left on base; Johnson City 2 - Danville 5
TOP OF THE 5TH
Johnson City Cardinals batting - Pitching for Danville Braves : RHP Jeremy Kasten
Batting: RHB Ray Souza 0-0: Called Strike
0-1: Ball
1-1: Ball
2-1: Foul Ball, location: 2F
2-2: Ground out 5-3 (Groundball, 56, EV 105.6 MPH)
Batting: RHB Kyle Burns 0-0: Foul Ball, location: 2F
0-1: Ball
1-1: Ground out 6-3 (Groundball, P, EV 90.6 MPH)
Batting: RHB Fortunato Fteira 0-0: Ball
1-0: Ball
2-0: Ball
3-0: Called Strike
3-1: Foul Ball, location: 2F
3-2: Foul Ball, location: 2F
3-2: Base on Balls
Batting: RHB Tim Cleary 0-0: Called Strike
0-1: Ball
Fortunato Fteira is caught stealing 2nd base 2-4
Top of the 5th over - 0 runs, 0 hits, 0 errors, 0 left on base; Johnson City 2 - Danville 5
BOTTOM OF THE 5TH
Danville Braves batting - Pitching for Johnson City Cardinals : RHP Joe Cornell
Batting: LHB Alexis Cantu 0-0: Ball
1-0: Foul Ball, location: 2F
1-1: Swinging Strike
1-2: Strikes out swinging
Batting: RHB Badr al Din Ridha 0-0: Ball
1-0: Ball
2-0: SINGLE (Groundball, 34D, EV 95.6 MPH)
Batting: RHB Armando Moz 0-0: Ball
1-0: Swinging Strike
1-1: Foul Ball, location: 2F
1-2: Strikes out swinging
Batting: SHB Jordan Barragan 0-0: Ball
Badr al Din Ridha steals 2nd base
1-0: Ball
2-0: Ball
3-0: Called Strike
3-1: Foul Ball, location: 2F
3-2: Strikes out looking
Bottom of the 5th over - 0 runs, 1 hit, 0 errors, 1 left on base; Johnson City 2 - Danville 5
TOP OF THE 6TH
Johnson City Cardinals batting - Pitching for Danville Braves : RHP Jeremy Kasten
Batting: RHB Tim Cleary 0-0: Ball
1-0: Ground out 1-3 (Groundball, 13, EV 68.8 MPH)
Batting: RHB Pat Scaturro 0-0: Ball
1-0: Called Strike
1-1: Foul Ball, location: 2F
1-2: Foul Ball, location: 2F
1-2: Ground out 4-3 (Groundball, 4, EV 77.5 MPH)
Batting: RHB Josh Broome 0-0: Fly out, F8 (Flyball, 8RS, EV 80.0 MPH)
Top of the 6th over - 0 runs, 0 hits, 0 errors, 0 left on base; Johnson City 2 - Danville 5
BOTTOM OF THE 6TH
Danville Braves batting - Pitching for Johnson City Cardinals : RHP Joe Cornell
Batting: SHB Ian Arlotta 0-0: Called Strike
0-1: Ball
1-1: Ground out 4-3 (Groundball, 4, EV 86.2 MPH)
Batting: RHB Adonis Jenifer 0-0: Ball
1-0: Foul Ball, location: 2F
1-1: Foul Ball, location: 2F
1-2: Ball
2-2: Fly out, F8 (Flyball, 8LS, EV 88.1 MPH)
Batting: LHB Erik Gretzky 0-0: Called Strike
0-1: Ball
1-1: Ball
2-1: Foul Ball, location: 2F
2-2: Ball
3-2: Base on Balls
Pitching: LHP Sean Cerna
Batting: LHB Oke Monti 0-0: Ground out 4-3 (Groundball, 34, EV 96.2 MPH)
Bottom of the 6th over - 0 runs, 0 hits, 0 errors, 1 left on base; Johnson City 2 - Danville 5
TOP OF THE 7TH
Johnson City Cardinals batting - Pitching for Danville Braves : RHP Jeremy Kasten
Batting: RHB Francisco de la Cruz 0-0: Ball
1-0: Ball
2-0: Called Strike
2-1: Fly out, F5 (Line Drive, 5, EV 61.9 MPH)
Batting: RHB Vic Nelson 0-0: Called Strike
0-1: Foul Ball, location: 2F
0-2: Ball
1-2: Strikes out swinging
Batting: RHB Austin Akers 0-0: Ball
1-0: Ground out 1-3 (Groundball, 13, EV 75.6 MPH)
Top of the 7th over - 0 runs, 0 hits, 0 errors, 0 left on base; Johnson City 2 - Danville 5
BOTTOM OF THE 7TH
Danville Braves batting - Pitching for Johnson City Cardinals : LHP Sean Cerna
Batting: RHB Hisayuki Akiyama 0-0: Ball
1-0: Ball
2-0: Ball
3-0: Base on Balls
Batting: LHB Alexis Cantu 0-0: Called Strike
0-1: Ball
1-1: Called Strike
1-2: Ball
2-2: Fielders Choice at 2nd, 5-4 (Groundball, 56, EV 77.5 MPH)
Batting: RHB Badr al Din Ridha 0-0: Called Strike
0-1: Ball
1-1: 2-RUN HOME RUN (Flyball, 78XD, EV 105.0 MPH), Distance : 401 ft
Batting: RHB Armando Moz 0-0: Foul Ball, location: 2F
0-1: Swinging Strike
0-2: Strikes out swinging
Batting: SHB Jordan Barragan 0-0: Ball
1-0: Swinging Strike
1-1: Called Strike
1-2: Ball
2-2: Ball
3-2: Fly out, F8 (Flyball, 8LD, EV 101.9 MPH)
Bottom of the 7th over - 2 runs, 1 hit, 0 errors, 0 left on base; Johnson City 2 - Danville 7
TOP OF THE 8TH
Johnson City Cardinals batting - Pitching for Danville Braves : RHP Jeremy Kasten
Batting: RHB Ray Souza 0-0: SOLO HOME RUN (Line Drive, 78XD, EV 99.4 MPH), Distance : 396 ft
Batting: RHB Kyle Burns 0-0: Ball
1-0: Ball
2-0: Ball
3-0: Called Strike
3-1: Foul Ball, location: 2F
3-2: Foul Ball, location: 2F
3-2: SINGLE (Groundball, 56D, EV 100.0 MPH)
Batting: RHB Fortunato Fteira 0-0: Ball
1-0: Foul Ball, location: 2F
1-1: Ball
Wild Pitch!
Kyle Burns to second
2-1: Foul Ball, location: 2F
2-2: Ground out 3-1 (Groundball, 34, EV 86.9 MPH)
Kyle Burns to third
Pitching: RHP Jeremy Armstrong
Batting: RHB Tim Cleary 0-0: Ball
1-0: Foul Ball, location: 2F
1-1: Ball
Wild Pitch!
Kyle Burns scores
2-1: Hit by Pitch
Batting: RHB Pat Scaturro 0-0: Ball
1-0: Ball
2-0: Swinging Strike
2-1: Foul Ball, location: 2F
2-2: Ball
3-2: Fly out, F8 (Line Drive, 8LM, EV 97.5 MPH)
Batting: RHB Josh Broome 0-0: Ball
1-0: Foul Ball, location: 2F
1-1: Swinging Strike
1-2: DOUBLE (Line Drive, 8RXD, EV 103.1 MPH)
Tim Cleary to third
Runner from 3rd tries for Home, SAFE, no throw by CF
Batting: RHB Francisco de la Cruz 0-0: Foul Ball, location: 2F
0-1: SINGLE (Groundball, 6, EV 96.9 MPH)
Josh Broome to third
Runner from 3rd tries for Home, SAFE, throw by LF to home
Batting: RHB Vic Nelson 0-0: Ball
1-0: SINGLE (Groundball, 34, EV 96.2 MPH) (infield hit)
Francisco de la Cruz to second
Batting: RHB Austin Akers 0-0: Ball
1-0: Ball
2-0: Foul Ball, location: 2F
2-1: Swinging Strike
2-2: Ball
3-2: Foul Ball, location: 2F
3-2: Base on Balls
Francisco de la Cruz to third
Vic Nelson to second
Batting: RHB Ray Souza 0-0: Ball
1-0: Ball
2-0: Ground out 5-3 (Groundball, 56S, EV 86.2 MPH)
Top of the 8th over - 4 runs, 5 hits, 0 errors, 3 left on base; Johnson City 6 - Danville 7
BOTTOM OF THE 8TH
Danville Braves batting - Pitching for Johnson City Cardinals : LHP Sean Cerna
Pitching: RHP Jorge Aguilar
Batting: SHB Ian Arlotta 0-0: Foul Ball, location: 2F
0-1: Swinging Strike
0-2: Foul Ball, location: 2F
0-2: Ball
1-2: Ball
2-2: SINGLE (Groundball, 23, EV 67.5 MPH) (infield hit)
Batting: RHB Adonis Jenifer 0-0: Called Strike
Ian Arlotta steals 2nd base
0-1: Ball
1-1: Foul Ball, location: 2F
1-2: Ball
2-2: Strikes out swinging
Batting: LHB Erik Gretzky 0-0: Intentional Walk
Batting: LHB Oke Monti 0-0: Ball
1-0: Fly out, F9 (Flyball, 9D, EV 76.9 MPH)
Runner from 2nd tags up, SAFE at 3rd, no throw by RF
Batting: RHB Hisayuki Akiyama 0-0: Ball
1-0: Ground out 6-3 (Groundball, 6S, EV 84.4 MPH)
Bottom of the 8th over - 0 runs, 1 hit, 0 errors, 2 left on base; Johnson City 6 - Danville 7
TOP OF THE 9TH
Johnson City Cardinals batting - Pitching for Danville Braves : RHP Jeremy Armstrong
Pitching: LHP Shingo Miura
Now at C: Armando Moz
Now at 1B: Miguel Vazquez
Batting: RHB Kyle Burns 0-0: Called Strike
0-1: Swinging Strike
0-2: Strikes out swinging
Batting: RHB Fortunato Fteira 0-0: Swinging Strike
0-1: Foul Ball, location: 2F
0-2: Ball
1-2: Ball
2-2: Fly out, F7 (Flyball, 78S, EV 81.9 MPH)
Batting: RHB Tim Cleary 0-0: Ball
1-0: Called Strike
1-1: Called Strike
1-2: Foul Ball, location: 2F
1-2: Strikes out swinging
Top of the 9th over - 0 runs, 0 hits, 0 errors, 0 left on base; Johnson City 6 - Danville 7
Thursday, March 31st , 2022 - OOTP Baseball 22.12 Build 89